| TOP OF THE 1ST |
|
Birmingham Barons batting - Pitching for Knoxville Blue Jays : RHP Ramon Mendoza
|
|
Pitching: RHP Ramon Mendoza
|
|
|
Batting: RHB Bob Bathe
|
0-0: Ball 1-0: Ball 2-0: Foul Ball, location: 2F 2-1: Fly out, F6 (Line Drive, 6, EV 66.9 MPH)
|
|
Batting: LHB Bob Hamilton
|
0-0: Ball 1-0: Ball 2-0: Called Strike 2-1: Called Strike 2-2: DOUBLE (Line Drive, 78M, EV 91.9 MPH)
|
|
Batting: RHB Tim Hulett
|
0-0: Called Strike 0-1: Called Strike 0-2: Strikes out swinging
|
|
Batting: LHB Herm Winningham
|
0-0: Called Strike 0-1: Called Strike 0-2: Foul Ball, location: 2F 0-2: Strikes out swinging
|
| Top of the 1st over - 0 runs, 1 hit, 0 errors, 1 left on base; Birmingham 0 - Knoxville 0 |
| BOTTOM OF THE 1ST |
|
Knoxville Blue Jays batting - Pitching for Birmingham Barons : LHP Gene Lambert
|
|
Pitching: LHP Gene Lambert
|
|
|
Batting: RHB LaRue Washington
|
0-0: Ball 1-0: Foul Ball, location: 2F 1-1: Swinging Strike 1-2: Ball 2-2: Foul Ball, location: 2F 2-2: Ball 3-2: SINGLE (Line Drive, 7LS, EV 92.5 MPH)
|
|
Batting: RHB Jerry Royster
|
0-0: Ball 1-0: Swinging Strike 1-1: Ball 2-1: Ball 3-1: Foul Ball, location: 2F 3-2: Base on Balls LaRue Washington to second
|
|
Batting: LHB Paul O'Neill
|
0-0: Swinging Strike 0-1: Fly out, F9 (Flyball, 9LD, EV 93.1 MPH) Runner from 2nd tags up, SAFE at 3rd, no throw by RF
|
|
Batting: RHB Hector Cruz
|
0-0: Ball 1-0: Ball Jerry Royster steals 2nd base 2-0: Foul Ball, location: 2F 2-1: Fly out, F9 (Flyball, 9LS, EV 81.3 MPH)
|
|
Batting: RHB Jason Adams
|
0-0: Ball 1-0: Ball 2-0: Ball 3-0: Base on Balls
|
|
Batting: LHB Joe Bivins
|
0-0: Ball 1-0: Called Strike 1-1: Ball 2-1: Foul Ball, location: 2F 2-2: Fly out, F6 (Popup, 6, EV 58.1 MPH)
|
| Bottom of the 1st over - 0 runs, 1 hit, 0 errors, 3 left on base; Birmingham 0 - Knoxville 0 |
| TOP OF THE 2ND |
|
Birmingham Barons batting - Pitching for Knoxville Blue Jays : RHP Ramon Mendoza
|
|
Batting: RHB Daniel Johnson
|
0-0: Ball 1-0: Foul Ball, location: 2F 1-1: Fly out, F9 (Flyball, 9S, EV 76.3 MPH)
|
|
Batting: LHB Vernon Ramie
|
0-0: Ball 1-0: Called Strike 1-1: Ground out 6-3 (Groundball, 6M, EV 100.6 MPH)
|
|
Batting: RHB Robin Townley
|
0-0: Called Strike 0-1: Ball 1-1: Swinging Strike 1-2: Ball 2-2: Fly out, F8 (Line Drive, 8RM, EV 97.5 MPH)
|
| Top of the 2nd over - 0 runs, 0 hits, 0 errors, 0 left on base; Birmingham 0 - Knoxville 0 |
| BOTTOM OF THE 2ND |
|
Knoxville Blue Jays batting - Pitching for Birmingham Barons : LHP Gene Lambert
|
|
Batting: LHB Dan Briggs
|
0-0: Ball 1-0: Called Strike 1-1: Ball 2-1: Ball 3-1: Ground out 4-3 (Groundball, 34D, EV 82.5 MPH)
|
|
Batting: RHB Kenny Hanes
|
0-0: Reached on error, E5 (Groundball, 5S, EV 86.9 MPH)
|
|
Batting: LHB Danny Goodwin
|
0-0: SINGLE (Groundball, 6D, EV 103.1 MPH) Kenny Hanes to second
|
|
Batting: RHB LaRue Washington
|
0-0: Ball 1-0: Ball 2-0: Ball 3-0: Base on Balls Kenny Hanes to third Danny Goodwin to second
|
|
Batting: RHB Jerry Royster
|
0-0: Called Strike 0-1: Swinging Strike 0-2: Ball 1-2: Ball 2-2: Grounds into fielders choice 1-2 (Groundball, 23, EV 65.6 MPH) Danny Goodwin to third LaRue Washington to second
|
|
Batting: LHB Paul O'Neill
|
0-0: Fly out, F4 (Popup, 3S, EV 92.5 MPH)
|
| Bottom of the 2nd over - 0 runs, 1 hit, 1 error, 3 left on base; Birmingham 0 - Knoxville 0 |
| TOP OF THE 3RD |
|
Birmingham Barons batting - Pitching for Knoxville Blue Jays : RHP Ramon Mendoza
|
|
Batting: LHB Joe Szekely
|
0-0: Ball 1-0: Called Strike 1-1: Swinging Strike 1-2: Ball 2-2: Strikes out swinging
|
|
Batting: SHB Giampietro Pasquetto
|
0-0: Swinging Strike 0-1: Ball 1-1: SINGLE (Groundball, 34D, EV 103.1 MPH)
|
|
Batting: RHB Bob Bathe
|
0-0: Grounds into double play, 6-4-3 (Groundball, 6, EV 86.3 MPH)
|
| Top of the 3rd over - 0 runs, 1 hit, 0 errors, 0 left on base; Birmingham 0 - Knoxville 0 |
| BOTTOM OF THE 3RD |
|
Knoxville Blue Jays batting - Pitching for Birmingham Barons : LHP Gene Lambert
|
|
Batting: RHB Hector Cruz
|
0-0: Foul Ball, location: 2F 0-1: Ball 1-1: Swinging Strike 1-2: Fly out, F9 (Flyball, 9D, EV 93.8 MPH)
|
|
Batting: RHB Jason Adams
|
0-0: Called Strike 0-1: Swinging Strike 0-2: SINGLE (Line Drive, 4MD, EV 98.8 MPH)
|
|
Batting: LHB Joe Bivins
|
0-0: Swinging Strike 0-1: Fly out, F4 (Flyball, 4D, EV 80.0 MPH)
|
|
Batting: LHB Dan Briggs
|
0-0: Ball 1-0: Ball 2-0: Called Strike 2-1: SINGLE (Line Drive, 9S, EV 105.6 MPH) Jason Adams to second Runner from 2nd tries for 3rd, SAFE, no throw by RF
|
|
Batting: RHB Kenny Hanes
|
0-0: Swinging Strike 0-1: Fly out, F8 (Line Drive, 8RM, EV 88.1 MPH)
|
| Bottom of the 3rd over - 0 runs, 2 hits, 0 errors, 2 left on base; Birmingham 0 - Knoxville 0 |
| TOP OF THE 4TH |
|
Birmingham Barons batting - Pitching for Knoxville Blue Jays : RHP Ramon Mendoza
|
|
Batting: LHB Bob Hamilton
|
0-0: Foul Ball, location: 2F 0-1: Ball 1-1: Foul Ball, location: 2F 1-2: Ground out 4-3 (Groundball, 34, EV 90.6 MPH)
|
|
Batting: RHB Tim Hulett
|
0-0: Ball 1-0: Ball 2-0: Fly out, F7 (Flyball, 7S, EV 81.9 MPH)
|
|
Batting: LHB Herm Winningham
|
0-0: Ground out 3-1 (Groundball, 34, EV 83.8 MPH)
|
| Top of the 4th over - 0 runs, 0 hits, 0 errors, 0 left on base; Birmingham 0 - Knoxville 0 |
| BOTTOM OF THE 4TH |
|
Knoxville Blue Jays batting - Pitching for Birmingham Barons : LHP Gene Lambert
|
|
Batting: LHB Danny Goodwin
|
0-0: Foul Ball, location: 2F 0-1: Foul Ball, location: 2F 0-2: Ball 1-2: Ball 2-2: Reached on error, E4 (Groundball, 4, EV 100.0 MPH)
|
|
Batting: RHB LaRue Washington
|
0-0: Called Strike 0-1: Grounds into double play, 4-6-3 (Groundball, 34D, EV 107.5 MPH)
|
|
Batting: RHB Jerry Royster
|
0-0: Ball 1-0: Ball 2-0: Foul Ball, location: 2F 2-1: Ball 3-1: Fly out, F8 (Line Drive, 8RM, EV 96.9 MPH)
|
| Bottom of the 4th over - 0 runs, 0 hits, 1 error, 0 left on base; Birmingham 0 - Knoxville 0 |
| TOP OF THE 5TH |
|
Birmingham Barons batting - Pitching for Knoxville Blue Jays : RHP Ramon Mendoza
|
|
Batting: RHB Daniel Johnson
|
0-0: Ball 1-0: Reached on error, E3 (Groundball, 34, EV 101.9 MPH)
|
|
Batting: LHB Vernon Ramie
|
0-0: Swinging Strike 0-1: Swinging Strike 0-2: Strikes out swinging
|
|
Batting: RHB Robin Townley
|
0-0: Ball 1-0: Ball 2-0: Foul Ball, location: 2F 2-1: Ball 3-1: Foul Ball, location: 2F 3-2: Strikes out swinging
|
|
Batting: LHB Joe Szekely
|
0-0: Foul Ball, location: 2F 0-1: Called Strike 0-2: Foul Ball, location: 2F 0-2: Strikes out swinging
|
| Top of the 5th over - 0 runs, 0 hits, 1 error, 1 left on base; Birmingham 0 - Knoxville 0 |
| BOTTOM OF THE 5TH |
|
Knoxville Blue Jays batting - Pitching for Birmingham Barons : LHP Gene Lambert
|
|
Batting: LHB Paul O'Neill
|
0-0: Called Strike 0-1: Ball 1-1: Swinging Strike 1-2: Fly out, F7 (Flyball, 7, EV 85.0 MPH)
|
|
Batting: RHB Hector Cruz
|
0-0: Ball 1-0: Foul Ball, location: 2F 1-1: Foul Ball, location: 2F 1-2: Foul Ball, location: 2F 1-2: Fly out, F8 (Flyball, 8RS, EV 93.1 MPH)
|
|
Batting: RHB Jason Adams
|
0-0: Ball 1-0: Foul Ball, location: 2F 1-1: Foul Ball, location: 2F 1-2: Ball 2-2: Ball 3-2: Foul Ball, location: 2F 3-2: SOLO HOME RUN (Flyball, 7D, EV 90.6 MPH), Distance : 417 ft
|
|
Batting: LHB Joe Bivins
|
0-0: Ball 1-0: Called Strike 1-1: Ball 2-1: Ball 3-1: Base on Balls
|
|
Batting: LHB Dan Briggs
|
0-0: DOUBLE (Flyball, 8LXD, EV 95.6 MPH) Joe Bivins to third Runner from 3rd tries for Home, SAFE, throw by CF to home
|
|
Batting: RHB Kenny Hanes
|
0-0: Swinging Strike 0-1: Ball 1-1: Swinging Strike 1-2: Strikes out looking
|
| Bottom of the 5th over - 2 runs, 2 hits, 0 errors, 1 left on base; Birmingham 0 - Knoxville 2 |
| TOP OF THE 6TH |
|
Birmingham Barons batting - Pitching for Knoxville Blue Jays : RHP Ramon Mendoza
|
|
Batting: SHB Giampietro Pasquetto
|
0-0: Ball 1-0: Ground out 6-3 (Groundball, 6, EV 103.1 MPH)
|
|
Batting: RHB Bob Bathe
|
0-0: Ball 1-0: Ball 2-0: Ball 3-0: Foul Ball, location: 2F 3-1: Called Strike 3-2: Fly out, F7 (Flyball, 7S, EV 93.1 MPH)
|
|
Batting: LHB Bob Hamilton
|
0-0: Ball 1-0: Ground out U3 (Groundball, 3, EV 104.4 MPH)
|
| Top of the 6th over - 0 runs, 0 hits, 0 errors, 0 left on base; Birmingham 0 - Knoxville 2 |
| BOTTOM OF THE 6TH |
|
Knoxville Blue Jays batting - Pitching for Birmingham Barons : LHP Gene Lambert
|
|
Batting: LHB Danny Goodwin
|
0-0: Ball 1-0: Foul Ball, location: 2F 1-1: Foul Ball, location: 2F 1-2: Foul Ball, location: 2F 1-2: Foul Ball, location: 2F 1-2: Fly out, F7 (Flyball, 78M, EV 83.8 MPH)
|
|
Batting: RHB LaRue Washington
|
0-0: Called Strike 0-1: Swinging Strike 0-2: Ball 1-2: Fly out, F5 (Line Drive, 5, EV 74.4 MPH)
|
|
Batting: RHB Jerry Royster
|
0-0: Ball 1-0: Ground out 6-3 (Groundball, 4MS, EV 64.4 MPH)
|
| Bottom of the 6th over - 0 runs, 0 hits, 0 errors, 0 left on base; Birmingham 0 - Knoxville 2 |
| TOP OF THE 7TH |
|
Birmingham Barons batting - Pitching for Knoxville Blue Jays : RHP Ramon Mendoza
|
|
Batting: RHB Tim Hulett
|
0-0: Swinging Strike 0-1: Called Strike 0-2: Strikes out looking
|
|
Batting: LHB Herm Winningham
|
0-0: Ball 1-0: Ball 2-0: Fly out, F7 (Flyball, 7D, EV 100.6 MPH)
|
|
Batting: RHB Daniel Johnson
|
0-0: Called Strike 0-1: Foul Ball, location: 2F 0-2: Ground out 6-3 (Groundball, 56, EV 101.3 MPH)
|
| Top of the 7th over - 0 runs, 0 hits, 0 errors, 0 left on base; Birmingham 0 - Knoxville 2 |
| BOTTOM OF THE 7TH |
|
Knoxville Blue Jays batting - Pitching for Birmingham Barons : LHP Gene Lambert
|
|
Pitching: LHP Randall Boyce
|
|
|
Batting: LHB Paul O'Neill
|
0-0: Ball 1-0: Foul Ball, location: 2F 1-1: Ball 2-1: DOUBLE (Flyball, 89D, EV 93.8 MPH)
|
|
Batting: RHB Hector Cruz
|
0-0: Called Strike 0-1: Fly out, F8 (Flyball, 8LXD, EV 91.3 MPH) Runner from 2nd tags up, SAFE at 3rd, no throw by CF
|
|
Batting: RHB Jason Adams
|
0-0: Intentional Walk
|
|
Batting: LHB Joe Bivins
|
0-0: Ball 1-0: Foul Ball, location: 2F 1-1: SINGLE (Groundball, 4MD, EV 107.5 MPH) Paul O'Neill scores Jason Adams to second
|
|
Batting: LHB Dan Briggs
|
0-0: Ball 1-0: Fly out, F9 (Line Drive, 9, EV 90.0 MPH)
|
|
Batting: RHB Kenny Hanes
|
0-0: Ball 1-0: Ground out 2-3 (Groundball, 15S, EV 72.5 MPH)
|
| Bottom of the 7th over - 1 run, 2 hits, 0 errors, 2 left on base; Birmingham 0 - Knoxville 3 |
| TOP OF THE 8TH |
|
Birmingham Barons batting - Pitching for Knoxville Blue Jays : RHP Ramon Mendoza
|
|
Batting: LHB Vernon Ramie
|
0-0: Swinging Strike 0-1: Ball 1-1: Fly out, F7 (Flyball, 7, EV 95.0 MPH)
|
|
Batting: RHB Robin Townley
|
0-0: Ball 1-0: Swinging Strike 1-1: Called Strike 1-2: Ball 2-2: Foul Ball, location: 2F 2-2: Ball 3-2: Foul Ball, location: 2F 3-2: DOUBLE (Groundball, 5L, EV 104.4 MPH)
|
|
Batting: LHB Joe Szekely
|
0-0: Called Strike 0-1: Foul Ball, location: 2F 0-2: Strikes out swinging
|
|
Batting: SHB Giampietro Pasquetto
|
0-0: Ball 1-0: Ball 2-0: Fly out, F3 (Popup, 3SF, EV 80.6 MPH)
|
| Top of the 8th over - 0 runs, 1 hit, 0 errors, 1 left on base; Birmingham 0 - Knoxville 3 |
| BOTTOM OF THE 8TH |
|
Knoxville Blue Jays batting - Pitching for Birmingham Barons : LHP Randall Boyce
|
|
Batting: LHB Danny Goodwin
|
0-0: Ball 1-0: Ball 2-0: Bunt missed! 2-1: SOLO HOME RUN (Flyball, 89XD, EV 88.8 MPH), Distance : 443 ft
|
|
Batting: RHB LaRue Washington
|
0-0: Called Strike 0-1: Fly out, F3 (Line Drive, 3, EV 73.1 MPH)
|
|
Batting: RHB Jerry Royster
|
0-0: Ball 1-0: Foul Ball, location: 2F 1-1: Ball 2-1: Hit by Pitch
|
|
Batting: LHB Paul O'Neill
|
0-0: Swinging Strike 0-1: Ball 1-1: Ball 2-1: SINGLE (Groundball, 34D, EV 100.0 MPH) (infield hit) Jerry Royster to second
|
|
Batting: RHB Hector Cruz
|
0-0: Foul Ball, location: 2F 0-1: Ball 1-1: SINGLE (Flyball, 3D, EV 93.1 MPH) Jerry Royster to third Paul O'Neill to second
|
|
Batting: RHB Jason Adams
|
0-0: Grounds into double play, 4-6-3 (Groundball, 4, EV 107.5 MPH)
|
| Bottom of the 8th over - 1 run, 3 hits, 0 errors, 2 left on base; Birmingham 0 - Knoxville 4 |
| TOP OF THE 9TH |
|
Birmingham Barons batting - Pitching for Knoxville Blue Jays : RHP Ramon Mendoza
|
|
Batting: RHB Bob Bathe
|
0-0: Ball 1-0: Called Strike 1-1: Ball 2-1: Swinging Strike 2-2: Ground out 6-3 (Groundball, 6, EV 86.3 MPH)
|
|
Batting: LHB Bob Hamilton
|
0-0: Ball 1-0: Ball 2-0: Called Strike 2-1: Ground out 1-3 (Groundball, 15S, EV 62.5 MPH)
|
|
Batting: RHB Tim Hulett
|
0-0: Ground out 6-3 (Groundball, 6, EV 87.5 MPH)
|
| Top of the 9th over - 0 runs, 0 hits, 0 errors, 0 left on base; Birmingham 0 - Knoxville 4 |
|